 Dungeon Crawl Stone Soup version 0.30-a0-718-geaa24f58ff (webtiles) character file.

Game seed: 13879771427829726824

2544180 browni3141 the Bringer of Life (level 27, 226/226 HPs)
             Began as a Naga Summoner on Jan 25, 2023.
             Was the Champion of Elyvilon.
             Escaped with the Orb
             ... and 5 runes!
             The game lasted 07:02:31 (97401 turns).

browni3141 the Bringer of Life (Naga Summoner)     Turns: 97401, Time: 07:02:32

Health: 226/226    AC: 29    Str: 15 (16) XL:     27
Magic:  41/44      EV: 14    Int: 28      God:    Elyvilon [******]
Gold:   497        SH: 30    Dex: 23      Spells: 0/60 levels left

rFire   + + +      SeeInvis +    x - staff of fire
rCold   + . .      Faith    +    j - +8 tower shield
rNeg    + . .      Spirit   .    L - +4 ring mail of the Slug {rF+ Str+3 Dex+3}
rPois   +          Reflect  .    (helmet restricted)
rElec   +          Harm     .    m - scarf {rC+ rF+}
rCorr   .          Rampage  .    E - +0 pair of gloves "Zeom Nao" {rN+}
Will    +++++      Rage     9%   y - +6 lightning scales {swift, rElec}
Stlth   ++                       s - amulet "Urpheof" {Faith Regen+ Str+2 Dex+2 SInv}
HPRegen 1.37/turn                g - ring of wizardry
MPRegen 0.29/turn                B - ring "Otelam" {Will+ Int+3 Dex+6}

@: studying Ice Magic, slow
A: AC +9, large, see invisible, deformed body, poison resistance, slowness 2,
spit poison 1, naga tail 2, antennae 1, berserk 2, clumsy 1, deterioration 1,
dopey 1, frail 1, strong-willed 1, MP-powered wands
0: Orb of Zot
}: 5/15 runes: serpentine, barnacled, slimy, silver, abyssal
a: Spit Poison, Renounce Religion, Purification, Heal Other, Heal Self, Divine
Vigour


You escaped.
You worshipped Elyvilon.
Elyvilon was exalted by your worship.
You visited 12 branches of the dungeon, and saw 56 of its levels.
You visited the Abyss 1 time.
You also visited: Gauntlet and Desolation.

You collected 8429 gold pieces.
You spent 7932 gold pieces at shops.

Inventory:

Missiles
 H - 16 throwing nets
 J - 13 curare-tipped darts
Armour
 j - a +8 tower shield (worn)
 m - a scarf of resistance (worn)
 y - the +6 lightning scales (worn) {swift, rElec}
   (You found it on level 1 of the Elven Halls)

   Swift:     It allows the wearer to cover ground more swiftly.
   rElec:     It insulates you from electricity.
 E - the +0 pair of gloves "Zeom Nao" (worn) {rN+}
   (You acquired it on level 3 of the Shoals)

   rN:        It protects you from negative energy.
 G - a +2 helmet
 L - the +4 ring mail of the Slug (worn) {rF+ Str+3 Dex+3}
   (You bought it in a shop on level 5 of the Vaults)

   Str:       It affects your strength (+3).
   Dex:       It affects your dexterity (+3).
   rF:        It protects you from fire.
 Y - an orb of guile
Magical Staves
 x - a staff of fire (weapon)
Jewellery
 a - the ring of the Leaf {Fly Int+4}
   (You took it off a deep elf high priest on level 3 of the Elven Halls)

   [ring of flight]

   Int:       It affects your intelligence (+4).
   Fly:       It grants you flight.
 g - a ring of wizardry (left hand)
 s - the amulet "Urpheof" (around neck) {Faith Regen+ Str+2 Dex+2 SInv}
   (You found it in the Desolation of Salt)

   [amulet of faith]

   It allows you to gain divine favour quickly.
   Str:       It affects your strength (+2).
   Dex:       It affects your dexterity (+2).
   SInv:      It lets you see invisible.
   Regen:     It increases your rate of health regeneration.
 B - the ring "Otelam" (right hand) {Will+ Int+3 Dex+6}
   (You found it in the Desolation of Salt)

   [ring of dexterity]

   Int:       It affects your intelligence (+3).
   Dex:       It affects your dexterity (+6).
   Will:      It increases your willpower.
 D - the ring of Vonylamm {rPois rN+ rCorr Stlth+}
   (You found it in the Desolation of Salt)

   [ring of positive energy]

   rPois:     It protects you from poison.
   rN:        It protects you from negative energy.
   rCorr:     It protects you from acid and corrosion.
   Stlth:     It makes you more stealthy.
 R - the ring of Qikiuhoz {rC+++ MP+9 Dex-4 Slay+6}
   (You took it off a merfolk on level 4 of the Shoals)

   [ring of magical power]

   Dex:       It affects your dexterity (-4).
   Slay:      It affects your accuracy & damage with ranged weapons and melee
   (+6).
   rC:        It renders you almost immune to cold.
   MP:        It affects your magic capacity (+9).
 U - the ring of Temptation {rF+ rC+ Dex+3}
   (You found it on level 4 of the Shoals)

   [ring of protection from cold]

   Dex:       It affects your dexterity (+3).
   rF:        It protects you from fire.
   rC:        It protects you from cold.
Wands
 b - a wand of paralysis (22)
 t - a wand of mindburst (20)
 w - a wand of digging (4)
 M - a wand of acid (6)
 O - a wand of polymorph (30)
 V - a wand of iceblast (16)
Scrolls
 d - 11 scrolls of poison
 e - 12 scrolls of blinking
 f - 9 scrolls of vulnerability
 i - 13 scrolls of magic mapping
 u - 6 scrolls of immolation
 v - 9 scrolls of fear
 A - 2 scrolls of enchant armour
 K - 10 scrolls of fog
 N - 20 scrolls of teleportation
 S - 3 scrolls of silence
Potions
 c - 27 potions of curing
 h - 6 potions of lignification
 k - 2 potions of ambrosia
 l - 10 potions of attraction
 n - 12 potions of heal wounds
 o - 4 potions of resistance
 p - 2 potions of cancellation
 r - 5 potions of haste
 z - 4 potions of magic
 C - 4 potions of might
 I - 3 potions of invisibility
 P - 4 potions of mutation
 T - 5 potions of brilliance
Miscellaneous
 q - a tin of tremorstones (2/2)
 F - a box of beasts
 W - a lightning rod (4/4)
 X - a phantom mirror
 Z - a phial of floods


   Skills:
 * Level 15.7 Fighting
 - Level 12.0 Staves
 - Level 6.0 Armour
 - Level 12.4 Dodging
 - Level 8.0 Stealth
 - Level 17.4 Shields
 - Level 17.3 Spellcasting
 - Level 10.0 Conjurations
 - Level 3.0 Hexes
 - Level 18.0 Summonings
 * Level 9.1 Translocations
 - Level 20.0 Fire Magic
 - Level 3.0 Air Magic
 - Level 7.0 Poison Magic
 - Level 22.4 Invocations
 - Level 13.8 Evocations


You couldn't memorise any spells.
You knew the following spells:

 Your Spells              Type           Power      Damage    Failure   Level
a - Starburst             Conj/Fire      52%        6d14      1%          6
b - Blink                 Tloc           100%       N/A       1%          2
c - Call Canine Familiar  Summ           90%        N/A       0%          3
d - Summon Guardian Gole  Hex/Summ       70%        N/A       1%          3
e - Summon Lightning Spi  Summ/Air       70%        N/A       1%          4
f - Fireball              Conj/Fire      52%        3d20      1%          5
g - Sticky Flame          Conj/Fire      100%       2d11      1%          4
h - Inner Flame           Hex/Fire       93%        N/A       1%          3
i - Olgreb's Toxic Radia  Pois           59%        N/A       1%          4
j - Flame Wave            Conj/Fire      100%       2d21      1%          4
k - Lesser Beckoning      Tloc           100%       N/A       1%          2
l - Monstrous Menagerie   Summ           45%        N/A       1%          7
m - Ignition              Fire           58%        3d16      6%          8
n - Apportation           Tloc           100%       N/A       1%          1
o - Passage of Golubria   Tloc           66%        N/A       1%          4

Your spell library contained the following spells:

 Spells                   Type           Power      Damage    Failure   Level
 Foxfire                  Conj/Fire      100%       2x1d9     0%          1
 Summon Small Mammal      Summ           100%       N/A       0%          1
 Call Imp                 Summ           90%        N/A       0%          2
 Scorch                   Fire           100%       2d10      0%          2
 Magic Dart               Conj           100%       1d8       1%          1
 Slow                     Hex            100%       N/A       1%          1
 Sting                    Tmut/Pois      100%       1d8       1%          1
 Cigotuvi's Dreadful Rot  Necr/Pois/Air  84%        N/A       1%          2
 Momentum Strike          Conj/Tloc      100%       3d10      1%          2
 Poisonous Vapours        Pois/Air       100%       N/A       1%          2
 Searing Ray              Conj           100%       2d8       1%          2
 Dazzling Flash           Conj/Hex       100%       N/A       1%          3
 Gell's Gravitas          Tloc           66%        N/A       1%          3
 Hailstorm                Conj/Ice       51%        3d11      1%          3
 Ignite Poison            Fire/Tmut/Pois 84%        N/A       1%          3
 Mephitic Cloud           Conj/Pois/Air  57%        N/A       1%          3
 Portal Projectile        Hex/Tloc       100%       N/A       1%          3
 Stone Arrow              Conj/Erth      100%       3d13      1%          3
 Teleport Other           Tloc           66%        N/A       1%          3
 Vhi's Electric Charge    Tloc/Air       100%       N/A       1%          3
 Animate Armour           Summ/Erth      100%       N/A       1%          4
 Iskenderun's Mystic Bla  Conj/Tloc      67%        2d14      1%          4
 Manifold Assault         Tloc           66%        N/A       1%          4
 Summon Ice Beast         Ice/Summ       65%        N/A       1%          4
 Iskenderun's Battlesphe  Conj           69%        2d12      1%          5
 Summon Forest            Summ/Tloc      39%        N/A       1%          5
 Summon Mana Viper        Hex/Summ       70%        N/A       1%          5
 Summon Cactus Giant      Summ           45%        N/A       1%          6
 Summon Hydra             Summ           45%        N/A       1%          7
 Ensorcelled Hibernation  Hex/Ice        64%        N/A       2%          2
 Confusing Touch          Hex            41%        N/A       2%          3
 Spider Form              Tmut/Pois      43%        N/A       2%          3
 Swiftness                Air            41%        N/A       2%          3
 Fulminant Prism          Conj/Hex       28%        3d13      2%          4
 Beastly Appendage        Tmut           48%        N/A       3%          1
 Freeze                   Ice            96%        1d10      3%          1
 Passwall                 Tmut/Erth      20%        N/A       4%          2
 Sublimation of Blood     Necr           24%        N/A       4%          2
 Wereblood                Tmut           24%        N/A       4%          2
 Arcjolt                  Conj/Air       28%        1d38      6%          5
 Lightning Bolt           Conj/Air       28%        1d45      6%          5
 Frozen Ramparts          Ice            48%        1d8       9%          3
 Ozocubu's Armour         Ice            24%        N/A       9%          3
 Vampiric Draining        Necr           24%        2d7       9%          3
 Airstrike                Air            20%        2d(3-19)  9%          4
 Cause Fear               Hex            20%        N/A       9%          4
 Spellforged Servitor     Conj/Summ      40%        N/A       9%          7
 Irradiate                Conj/Tmut      25%        3d20      11%         5
 Dispersal                Tloc           33%        N/A       12%         6
 Anguish                  Hex/Necr       16%        N/A       16%         4
 Leda's Liquefaction      Hex/Erth       16%        N/A       16%         4
 Alistair's Intoxication  Tmut/Pois      28%        N/A       21%         5
 Silence                  Hex/Air        20%        N/A       24%         5
 Ice Form                 Ice/Tmut       24%        N/A       28%         4
 Petrify                  Tmut/Erth      24%        N/A       28%         4
 Conjure Ball Lightning   Conj/Air       28%        3x3d8     32%         6
 Orb of Destruction       Conj           34%        9d10      38%         7
 Metabolic Englaciation   Hex/Ice        16%        N/A       41%         5
 Yara's Violent Unravell  Hex/Tmut       16%        3d8       41%         5
 Haunt                    Necr/Summ      32%        N/A       52%         7
 Lee's Rapid Deconstruct  Erth           12%        3d8*      61%         5
 Eringya's Noxious Bog    Tmut/Pois      21%        N/A       69%         6
 Statue Form              Tmut/Erth      16%        N/A       98%         6
 Enfeeble                 Hex            20%        N/A       99%         7
 Disjunction              Tloc           33%        N/A       99%         8
 Dragon Form              Tmut           12%        N/A       100%        7
 Ozocubu's Refrigeration  Ice            12%        4d10      100%        7
 Borgnjor's Revivificati  Necr           12%        N/A       100%        8
 Lehudib's Crystal Spear  Conj/Erth      25%        10d7      100%        8
 Maxwell's Capacitive Co  Air            20%        ∞         100%        8


Dungeon Overview and Level Annotations

Branches:
Dungeon (15/15)            Temple (1/1) D:7            Lair (5/5) D:9
 Shoals (4/4) Lair:3        Snake (4/4) Lair:3        Slime (5/5) Lair:5
    Orc (2/2) D:11            Elf (3/3) Orc:2        Vaults (5/5) D:13
  Crypt (3/3) Vaults:3       Tomb (0/3) Crypt:3      Depths (4/4) D:15
    Zot (5/5) Depths:4    Desolation (visited)      Gauntlet (visited)

Altars:
Ashenzari
Cheibriados
Dithmenos
Elyvilon
Fedhas
Gozag
Hepliaklqana
Kikubaaqudgha
Makhleb
Nemelex Xobeh
Okawaru
Qazlal
Ru
Sif Muna
Trog
Uskayaw
Vehumet
Wu Jian
Xom
Yredelemnul
Zin
The Shining One
Jiyva

Shops:
D:6 !*   D:11 :(:(   D:14 ?   Orc:1 :   Orc:2 (=(=   Elf:3 [   Shoals:3 (((?
Vaults:1 *[   Vaults:4 ?*=((   Vaults:5 **   Depths:1 ([*=:=:   Depths:4 *

Portals:
Hell: Depths:1 Depths:2 Depths:3 Depths:4
Abyss: Depths:3
Pandemonium: Depths:2
Ziggurat: Depths:1

Annotations:
D:1 exclusion: door
Lair:5 exclusion: obsidian statue
Snake:1 1 exclusion
Snake:3 2 transporters, exclusions: 2 downstairs and orange crystal statue
Elf:2 3 runed translucent doors
Vaults:5 !don't do it dummy
Depths:1 1 runed translucent door, lessens's ghost, adept TrIE


Innate Abilities, Weirdness & Mutations

Your serpentine skin is tough. (AC +9)
You have supernaturally acute eyesight. (SInv)
Armour fits poorly on your strangely shaped body.
Your system is resistant to poisons. (rPois)
You cover ground very slowly.
You can spit poison.
You can use your snake-like lower body to constrict enemies.
You have a pair of small antennae on your head.
You have an uncontrollable temper.
You are clumsy. (Dex -2)
Your body sometimes deteriorates upon taking damage.
You are dopey. (Int -2)
You are frail. (-10% HP)
You are strong-willed. (Will+)
You expend magic power (3 MP) to strengthen your wands.


Message History

You burn the Orb Guardian!
The Orb Guardian is severely wounded.
The Orb Guardian hits you!!
You hit the Orb Guardian. You burn the Orb Guardian!
The Orb Guardian is almost dead.
You block the Orb Guardian's attack.
Your manticore closely misses the Orb Guardian.
Your manticore claws the Orb Guardian but does no damage.
Your manticore claws the Orb Guardian!
Your manticore barely misses the Orb Guardian.
Your manticore claws the Orb Guardian.
The Orb Guardian dies!
(D) Dungeon (T) Temple (L) Lair (A) Shoals (P) Snake Pit (M) Slime Pits (O) Orcish Mines (E) Elven Halls (V) Vaults (C) Crypt (W) Tomb (U) Depths (H) Hell (Z) Zot
Where to? (Enter - D:1, ? - help)
There is a stone staircase leading up here.
You climb upwards.
Your summoned ally is left behind.
There is a stone staircase leading down here.
HP restored.
There is a stone staircase leading up here.
You climb upwards.
Level annotation: exclusion: door
There is a stone staircase leading down here.
There is an open door here.
There is a stone staircase leading down here.
Aiming: Dig
Press: ? - help, Shift-Dir - straight line A rock wall.
This square is covered in magical glow.
You feel a surge of power!
The rock shatters into small pieces.
Aiming: Dig
Press: ? - help, Shift-Dir - straight line You can't see that place. [the floor.]
You feel a surge of power!
The rock shatters into small pieces.
There is a staircase leading out of the dungeon here.
You can't go down here!
You have escaped!

##.##.......#########.......##
####.....####..#....####.....##
.##....###.....#.......###....###
##....##.....#######.....##......
##...##....###.#...###....##.....
#.........##...#.....##....#.....
#...##...##...##.##...##...######
#...#....#...##...##...#....#...#
#...#....#...#..@..#...#....#...#
#...#....#...##........#....#...#
#...##........#####...##...##...#
#....#######.........#.....#....#
##.........###.....###....##...##
#....##.....#######...........#
##....###.............###....##
####.....####.......####.....##
...##.......#########........##


There were no monsters in sight!

Vanquished Creatures
  the Royal Jelly (Slime:5)
  2 dread liches
  Khufu (Crypt:3)
  An ancient lich (Zot:4)
  Mara (Vaults:3)
  Josephina (Zot:2)
  2 royal mummies (Crypt:3)
  Boris (Vaults:4)
  Bai Suzhen (Vaults:2)
  Margery (Depths:1)
  Xtahua (Depths:4)
  2 Killer Klowns
  3 curse toes
  8 golden dragons
  A bone dragon (Depths:3)
  2 doom hounds (Depths:3)
  A spectral shard shrike (Crypt:3)
  An electric golem (Zot:3)
  13 tentacled monstrosities
  3 liches
  Asterion (Vaults:3)
  2 deep elf blademasters (Elf:3)
  16 Orb Guardians (Zot:5)
  A titan (Vaults:5)
  2 Executioners
  A deep elf master archer (Elf:3)
  4 sphinxes
  6 quicksilver dragons
  Agnes (Snake:2)
  A tentacled starspawn (Abyss:1)
  18 acid blobs
  3 ancient champions (Crypt:3)
  6 death cobs
  A tengu reaver (Vaults:5)
  The ghost of mampy3000 the Severer, an adept MiBe of Trog (Depths:2)
  4 shadow dragons
  A revenant (Crypt:3)
  2 fire giants
  Donald (Crypt:2)
  13 storm dragons
  4 draconian monks
  3 nagarajas (Snake:4)
  13 azure jellies
  A rockslime (Slime:4)
  4 draconian knights
  4 frost giants
  6 deep elf sorcerers
  4 draconian scorchers
  An orc warlord (Depths:3)
  2 deep elf elementalists (Elf:3)
  9 vault wardens
  9 ghouls
  3 ghost moths
  A spectral caustic shrike (Crypt:3)
  4 draconian shifters
  2 war gargoyles (Vaults:5)
  13 ironbound preservers
  2 draconian stormcallers (Zot:4)
  10 draconian annihilators
  21 very ugly things
  3 curse skulls
  7 quicksilver oozes
  17 stone giants
  8 green draconians
  5 vampire knights
  A reaper (Zot:1)
  4 deep elf demonologists
  11 black draconians
  An ironbound thunderhulk (Vaults:4)
  7 purple draconians
  A minotaur (Shoals:4)
  5 deep elf annihilators
  4 spark wasps (Depths:2)
  10 red draconians
  9 white draconians
  9 yellow draconians
  12 dire elephants
  8 eidola
  7 ettins
  4 deep elf death magi
  5 jiangshi (Crypt:3)
  2 ragged hierophants (Desolation)
  2 merfolk javelineers
  8 great orbs of eyes
  7 yaktaur captains
  A shambling mangrove (Abyss:5)
  2 merfolk impalers
  5 deep elf high priests
  3 fire dragons (Depths:4)
  4 rakshasas
  2 spriggan zombies
  A salamander tyrant (Snake:2)
  28 vault guards
  A ghost crab (Abyss:5)
  Harold (D:9)
  2 spriggan air magi
  2 hydras (shapeshifter) (Vaults:5)
  The ghost of Newt the Markskobold, a journeyman KoHu of Hepliaklqana (D:13)
  4 peacekeepers
  6 ironbound frosthearts
  A boulder beetle (D:14)
  2 servants of whispers (Desolation)
  2 ice dragons (Depths:2)
  A merfolk avatar (Shoals:4)
  7 ogre magi
  9 centaur warriors
  A death knight (Crypt:2)
  5 dancing weapons
  11 naga warriors
  4 anacondas
  4 tengu warriors
  10 satyrs
  8 deep troll earth magi
  A shock serpent (shapeshifter) (Elf:3)
  4 vampire magi
  15 two-headed ogres
  An azure jelly zombie (Crypt:2)
  A deep troll shaman (Depths:1)
  4 naga sharpshooters
  2 orc high priests
  2 hell knights (Depths:1)
  A spriggan berserker (Depths:1)
  A spriggan (Depths:1)
  2 shock serpents (Snake:2)
  3 soul eaters
  A storm dragon zombie (Crypt:3)
  A wretched star (Abyss:4)
  2 fire crabs
  5 deep elf knights
  9 sea snakes
  52 deep trolls
  A deep troll (shapeshifter) (Vaults:5)
  3 iron trolls
  3 salamander mystics (Snake:4)
  15 shadow wraiths
  11 deep elf archers
  6 glowing orange brains
  13 phantasmal warriors
  A shadow demon (D:14)
  4 flayed ghosts
  10 skeletal warriors
  16 ironbound convokers
  3 harpies (Shoals:4)
  A lindwurm (Vaults:1)
  5 wizards
  10 orc knights
  2 stone giant zombies
  A swamp dragon (shapeshifter) (Vaults:5)
  9 necromancers
  10 deep elf pyromancers
  11 deep elf zephyrmancers
  14 fauns
  A mana viper (Snake:1)
  2 cyclopes (D:13)
  7 manticores
  28 ugly things
  2 orc sorcerers (Orc:2)
  4 shining eyes
  11 salamanders
  15 elephants
  20 moths of wrath
  A tengu skeleton (Vaults:3)
  An eleionoma skeleton (Crypt:1)
  Maurice (D:8)
  3 merfolk sirens
  5 naga magi
  An eye of devastation (Slime:1)
  12 black mambas
  2 smoke demons
  11 vault sentinels
  An ice statue (Gauntlet)
  A titan simulacrum (Crypt:1)
  2 dire elephant zombies
  2 apocalypse crabs
  9 guardian serpents
  A torpor snail (Lair:5)
  4 cane toads
  2 molten gargoyles (Desolation)
  4 water nymphs
  A dire elephant skeleton (Lair:5)
  3 unseen horrors (Depths:3)
  9 rime drakes
  Psyche (D:8)
  33 yaktaurs
  A human zombie (Vaults:2)
  4 komodo dragons
  4 ancient zymes
  5 freezing wraiths
  6 tengu conjurers
  An efreet (D:13)
  A merfolk (shapeshifter) (Depths:1)
  2 guardian mummies (Crypt:3)
  A spectral harpy (Crypt:3)
  A harpy zombie (Crypt:3)
  A yaktaur skeleton (Vaults:3)
  A polar bear (Lair:5)
  15 merfolk
  An iron troll skeleton (Crypt:3)
  A troll (Orc:2)
  6 meliai
  43 saltlings (Desolation)
  4 wind drakes
  A hellwing (Abyss:1)
  3 raiju (Abyss:3)
  2 hornets
  3 draconian simulacra (Zot:2)
  A dream sheep (Lair:5)
  A meliai zombie (Crypt:1)
  2 snapping turtles
  7 blink frogs
  4 flying skulls
  An ettin zombie (Vaults:3)
  54 slime creatures
  A jumping spider (Vaults:4)
  3 shadows (Crypt:3)
  6 water elementals
  2 air elementals
  An alligator skeleton (Crypt:2)
  A vampire (Abyss:2)
  A ynoxinul (Abyss:1)
  14 yaks
  A yak (shapeshifter) (Vaults:5)
  10 wraiths
  4 fire bats (Depths:2)
  10 large abominations
  An ettin skeleton (Vaults:2)
  4 basilisks
  A chaos spawn (Depths:3)
  A golden eye (Depths:2)
  2 redbacks
  2 neqoxecs
  2 human simulacra
  A white draconian simulacrum (Zot:2)
  4 steam dragons (Lair:5)
  3 wargs
  A harpy simulacrum (Crypt:1)
  A naga zombie (Crypt:1)
  12 nagas
  16 nameless horrors
  10 water moccasins
  An ogre skeleton (Vaults:4)
  3 ice beasts
  22 orc warriors
  An ettin simulacrum (Crypt:1)
  A sky beast (D:7)
  A lindwurm zombie (Crypt:2)
  12 boggarts
  25 ogres
  A lindwurm skeleton (Crypt:3)
  A blink frog zombie (Crypt:1)
  A human skeleton (Vaults:2)
  A wolf (Lair:2)
  6 centaurs
  An earth elemental (Elf:3)
  4 bullfrogs
  2 necrophages
  A draconian skeleton (Crypt:2)
  A scorpion (D:6)
  2 wights (D:7)
  7 small abominations
  An elephant simulacrum (Lair:5)
  2 killer bees (D:9)
  A howler monkey (D:9)
  A troll skeleton (Crypt:1)
  A centaur zombie (Crypt:3)
  15 orc priests
  Crazy Yiuf (D:7)
  8 starcursed masses
  4 iguanas
  5 hell rats (Lair:5)
  11 orc wizards
  A deep dwarf zombie (Crypt:2)
  2 gnolls (D:10)
  A howler monkey skeleton (Crypt:1)
  An adder (D:2)
  A shadow imp (Abyss:4)
  An ufetubus (D:6)
  A worm (D:2)
  2 dart slugs
  42 orcs
  8 bats
  4 endoplasms
  A giant cockroach (D:1)
  5 goblins
  5 hobgoblins
  3 ball pythons
  5 frilled lizards
  A gnoll zombie (Crypt:1)
  6 kobolds
  4 rats
  A rat zombie (Crypt:1)
  3 starspawn tentacles
1523 creatures vanquished.

Vanquished Creatures (collateral kills)
  An orb of fire (Zot:1)
  3 Killer Klowns
  2 curse toes
  Frederick (Crypt:3)
  7 golden dragons
  A bone dragon (Abyss:5)
  An electric golem (Zot:5)
  2 liches
  10 tentacled monstrosities
  3 Orb Guardians
  3 titans (Vaults:5)
  A deep elf blademaster (Depths:3)
  5 acid blobs
  Grunn (Depths:3)
  3 quicksilver dragons
  A tentacled starspawn (Abyss:2)
  A deep elf master archer (Elf:3)
  4 sphinxes
  Gastronok (Lair:1)
  3 death cobs
  An Executioner (Abyss:2)
  2 tengu reavers (Vaults:5)
  4 shadow dragons
  10 rockslimes
  A revenant (Crypt:3)
  3 nagarajas
  6 fire giants
  4 azure jellies
  A ghost moth (Zot:3)
  A frost giant (Vaults:5)
  2 iron dragons (Vaults:5)
  Aizul (Snake:2)
  A draconian scorcher (Zot:4)
  9 vault wardens
  6 deep elf sorcerers
  2 imperial myrmidons (Desolation)
  A deep elf elementalist (Elf:3)
  2 ghouls
  A draconian annihilator (Zot:1)
  A reaper (Crypt:2)
  2 orc warlords
  A draconian shifter (Zot:3)
  7 stone giants
  A juggernaut skeleton (Crypt:3)
  2 war gargoyles (Vaults:5)
  15 ironbound preservers
  4 quicksilver oozes
  5 very ugly things
  An ironbound thunderhulk (Vaults:2)
  3 green draconians
  6 deep elf annihilators (Elf:3)
  3 deep elf demonologists (Elf:3)
  2 halazid warlocks (Desolation)
  5 dire elephants
  6 red draconians
  2 eidola
  2 crystal guardians
  4 entropy weavers
  3 ettins
  A spectral quicksilver dragon (Crypt:3)
  3 deep elf death magi
  A merfolk impaler (Shoals:2)
  5 fire dragons
  7 jiangshi
  2 ragged hierophants (Desolation)
  A deep elf high priest (Elf:1)
  5 yaktaur captains
  A rakshasa (Depths:1)
  5 peacekeepers
  4 hydras
  5 great orbs of eyes
  4 salamander tyrants
  9 vault guards
  4 centaur warriors
  5 servants of whispers (Desolation)
  A spriggan air mage (Depths:1)
  2 ice dragons (Depths:4)
  4 ironbound frosthearts
  A spectral stone giant (Crypt:3)
  A merfolk avatar (Shoals:4)
  2 anacondas (Snake:4)
  2 deep troll shamans
  6 two-headed ogres
  2 satyrs
  16 naga warriors
  An alligator snapping turtle (Shoals:1)
  2 vampire magi (Crypt:3)
  A death knight (D:15)
  A deep troll earth mage (Depths:1)
  9 dancing weapons
  2 tengu warriors
  9 naga sharpshooters
  A thrashing horror (Abyss:2)
  2 shock serpents (Snake:4)
  3 hell knights (Depths:1)
  A deep elf knight (Elf:3)
  5 skeletal warriors
  An iron troll (Depths:1)
  A shadow wraith (Crypt:3)
  A sixfirhy (Abyss:4)
  4 salamander mystics
  3 sea snakes
  A glowing orange brain (Slime:5)
  A spectral death yak (Lair:5)
  29 deep trolls
  2 deep elf archers (Elf:2)
  3 wizards
  7 ironbound convokers
  A flayed ghost (Crypt:3)
  A bog body (Crypt:1)
  3 lindwurms
  2 naga ritualists (Snake:4)
  3 orc knights (Vaults:3)
  2 harpies (Shoals:4)
  3 necromancers
  7 deep elf pyromancers
  6 phantasmal warriors (Crypt:3)
  3 deep elf zephyrmancers
  3 fauns
  A goliath frog skeleton (Crypt:2)
  3 moths of wrath
  2 cyclopes
  8 ugly things
  A mana viper (Snake:4)
  An orc sorcerer (Elf:3)
  9 shining eyes
  11 salamanders
  7 manticores
  4 merfolk sirens
  8 elephants
  2 eyes of devastation (Slime:4)
  A dire elephant zombie (Lair:5)
  4 guardian serpents
  An apocalypse crab (Abyss:2)
  9 vault sentinels
  10 black mambas
  16 naga magi
  A molten gargoyle (Desolation)
  A gargoyle (D:14)
  A stone giant skeleton (Vaults:4)
  A black mamba (shapeshifter) (Elf:3)
  A starcursed mass (Abyss:4)
  3 cane toads
  A centaur skeleton (Crypt:3)
  An unseen horror (D:11)
  5 nameless horrors
  6 yaktaurs
  3 freezing wraiths
  A naga skeleton (Crypt:1)
  2 efreet
  2 guardian mummies (Crypt:3)
  A minotaur skeleton (Crypt:3)
  5 rime drakes
  3 komodo dragons
  A spectral harpy (Crypt:3)
  9 merfolk
  A red draconian skeleton (Crypt:2)
  2 tengu conjurers (Depths:1)
  A polar bear (Lair:5)
  A troll (Orc:2)
  An ancient zyme (Abyss:2)
  A tengu simulacrum (Vaults:2)
  A hellwing (Zot:5)
  14 saltlings (Desolation)
  2 wind drakes
  2 tarantellas (Vaults:1)
  A spectral elephant (Lair:5)
  4 hornets
  An elf zombie (Vaults:2)
  4 blink frogs
  A fire dragon skeleton (Crypt:1)
  A snapping turtle (Shoals:3)
  2 dream sheep (Lair:5)
  40 slime creatures
  A spriggan (Depths:1)
  5 flying skulls (Crypt:3)
  A wyvern (Lair:3)
  2 water elementals (Elf:2)
  2 slime creature zombies
  2 vampires
  A ynoxinul (Zot:4)
  3 shadows (Crypt:3)
  4 wraiths
  5 fire elementals
  3 basilisks (Lair:4)
  31 yaks
  A golden eye (Slime:5)
  A neqoxec (Abyss:5)
  A redback (Vaults:1)
  4 vampire mosquitoes (D:15)
  A naga zombie (Crypt:1)
  4 steam dragons
  3 spectral cane toads (Lair:5)
  2 wargs
  3 acid dragons
  26 nagas
  A floating eye (Slime:5)
  6 water moccasins
  4 orc warriors
  An elephant zombie (Lair:5)
  An ice beast (D:6)
  A lindwurm zombie (Crypt:1)
  An ettin simulacrum (Vaults:2)
  An elephant skeleton (Lair:5)
  8 ogres
  A boggart (Vaults:3)
  6 centaurs
  2 wolves
  A kobold brigand (D:7)
  A bullfrog (Lair:3)
  2 earth elementals (Elf:1)
  3 gnoll sergeants
  5 necrophages
  A human simulacrum (Vaults:2)
  4 wights (D:7)
  3 killer bees (D:9)
  A spriggan skeleton (Crypt:2)
  A howler monkey (D:12)
  4 jellies
  7 orc priests
  8 hounds
  An iron imp (Abyss:2)
  12 orc wizards
  3 iguanas
  2 hell rats (Lair:5)
  A mummy (Crypt:3)
  12 gnolls
  5 adders
  3 shadow imps
  2 white imps
  An ufetubus (D:6)
  5 worms
  A dart slug (D:1)
  23 orcs
  3 bats
  8 endoplasms
  2 giant cockroaches
  10 hobgoblins
  2 quokkas (D:3)
  2 ball pythons
  2 frilled lizards
  5 goblins
  6 kobolds
  3 rats
930 creatures vanquished.

Vanquished Creatures (others)
  An ancient lich (Vaults:5)
  A golden dragon (Zot:3)
  An Orb Guardian (Zot:5)
  A kraken (Abyss:5)
  A draconian knight (Zot:4)
  A minotaur (Gauntlet)
  An ettin (D:15)
  An entropy weaver (shapeshifter) (D:13)
  A hydra (Lair:5)
  A boulder beetle (D:12)
  An ironbound frostheart (Vaults:2)
  A satyr (Shoals:4)
  An alligator snapping turtle (Shoals:4)
  A naga warrior (Snake:2)
  3 skeletal warriors
  A spectral anaconda (Lair:5)
  2 deep trolls
  An orc knight (Vaults:3)
  3 deep elf zephyrmancers
  5 ugly things
  A rust devil (Zot:4)
  2 naga magi
  4 black mambas
  A komodo dragon (Lair:2)
  2 trolls
  2 blink frogs
  4 slime creatures
  A flying skull (Crypt:3)
  A vampire (D:10)
  A water elemental (Elf:1)
  15 yaks
  A wyvern (D:8)
  A basilisk (D:15)
  A death yak simulacrum (Lair:5)
  A naga (Snake:2)
  An acid dragon (D:13)
  2 orc warriors
  2 wolves (Lair:1)
  A bullfrog (D:8)
  An earth elemental (Elf:2)
  3 wights (D:7)
  An orc wizard (D:9)
  2 orcs
  4 bushes (Shoals:2)
  4 demonic plants (Gauntlet)
  37 fungi
  120 plants
  2 starspawn tentacles (Abyss:2)
  29 withered plants
276 creatures vanquished.

Grand Total: 2729 creatures vanquished

Notes
Turn   | Place    | Note
-------+----------+-------------------------------------------
     0 | D:1      | browni3141 the Naga Summoner began the quest for the Orb.
     0 | D:1      | Reached XP level 1. HP: 15/15 MP: 3/3
   263 | D:1      | Reached skill level 1 in Fighting
   349 | D:1      | Reached XP level 2. HP: 25/25 MP: 5/5
   432 | D:1      | Learned a level 2 spell: Call Imp
   791 | D:1      | Reached XP level 3. HP: 31/31 MP: 2/6
  1587 | D:2      | Learned a level 3 spell: Call Canine Familiar
  1768 | D:2      | Reached skill level 5 in Summonings
  1768 | D:2      | Reached XP level 4. HP: 27/38 MP: 3/7
  2580 | D:3      | Found an opulent altar of Gozag.
  3074 | D:3      | Reached XP level 5. HP: 44/44 MP: 9/9
  3149 | D:4      | Found a shadowy altar of Dithmenos.
  3234 | D:4      | Found a sparkling altar of Nemelex Xobeh.
  3318 | D:4      | Reached skill level 1 in Evocations
  3492 | D:4      | Noticed a centaur
  3621 | D:4      | Reached XP level 6. HP: 51/51 MP: 7/10
  3670 | D:4      | Identified the +4 flail of the Sheltering Pariah {freeze,
                  | Drain Str+3 Int+3}
  3893 | D:4      | Learned a level 3 spell: Summon Guardian Golem
  4075 | D:5      | Entered Level 5 of the Dungeon
  4075 | D:5      | Noticed a water moccasin
  4230 | D:5      | Reached skill level 1 in Hexes
  4318 | D:5      | Noticed an ice beast
  4325 | D:5      | Killed an ice beast
  4326 | D:5      | Reached XP level 7. HP: 40/57 MP: 8/12
  4904 | D:5      | Identified the amulet "Yreplo" {Acrobat Harm rF- rC+}
  5424 | D:5      | Reached XP level 8. HP: 64/64 MP: 9/14
  5486 | D:6      | Found Vagitu's Distillery.
  5612 | D:6      | Reached skill level 5 in Spellcasting
  5715 | D:6      | Found the +5 woodcutter's axe
  5728 | D:6      | Found Zaorchaimy's General Store.
  5818 | D:6      | Learned a level 4 spell: Summon Lightning Spire
  6058 | D:6      | Reached skill level 1 in Air Magic
  6058 | D:6      | Reached XP level 9. HP: 73/73 MP: 13/18
  6687 | D:7      | Found a staircase to the Ecumenical Temple.
  6716 | D:7      | Found a stormy altar of Qazlal.
  6716 | D:7      | Found an ornate altar of the Wu Jian Council.
  6731 | Temple   | Entered the Ecumenical Temple
  7305 | D:7      | Reached skill level 5 in Stealth
  7712 | D:7      | Found a runed translucent door.
  7713 | D:7      | Noticed Crazy Yiuf
  7729 | D:7      | Killed Crazy Yiuf
  7906 | D:8      | Noticed Psyche
  7920 | D:8      | Killed Psyche
  8016 | D:8      | Found a glowing golden altar of the Shining One.
  8016 | D:8      | Found a glowing silver altar of Zin.
  8017 | D:8      | Found a white marble altar of Elyvilon.
  8045 | D:8      | Noticed Maurice
  8050 | D:8      | Killed Maurice
  8061 | D:8      | Became a worshipper of Elyvilon the Healer
  8142 | D:8      | Reached skill level 5 in Evocations
  8142 | D:8      | Reached XP level 10. HP: 84/84 MP: 16/19
  8455 | D:8      | Reached skill level 5 in Dodging
  8742 | D:8      | Found a sacrificial altar of Ru.
  8966 | D:9      | Learned a level 5 spell: Fireball
  8982 | D:9      | Reached * piety under Elyvilon
  9173 | D:9      | Reached skill level 1 in Invocations
  9309 | D:9      | Noticed Harold
  9729 | D:9      | Reached skill level 1 in Conjurations
  9729 | D:9      | Reached skill level 1 in Fire Magic
  9740 | D:9      | Reached skill level 2 in Invocations
 10105 | D:9      | Noticed a fire crab
 11674 | D:9      | Found a staircase to the Lair.
 11768 | D:9      | Killed a fire crab
 11769 | D:9      | Reached skill level 3 in Invocations
 11770 | D:9      | Killed Harold
 11771 | D:9      | Reached skill level 5 in Fighting
 11771 | D:9      | Reached skill level 4 in Invocations
 12006 | D:10     | Entered Level 10 of the Dungeon
 12436 | D:10     | Reached ** piety under Elyvilon
 12527 | D:10     | Found a basalt altar of Yredelemnul.
 12637 | D:10     | Identified the +4 falchion of the Hated {freeze, Drain rF+
                  | Str+3}
 12647 | D:10     | Found a blossoming altar of Fedhas.
 12652 | D:10     | Reached skill level 5 in Invocations
 12883 | D:10     | Reached XP level 11. HP: 94/94 MP: 11/20
 12894 | D:10     | Reached skill level 6 in Invocations
 13245 | D:10     | Noticed a two-headed ogre
 13250 | D:10     | Reached skill level 7 in Invocations
 13491 | D:10     | Killed a two-headed ogre
 13669 | D:11     | Found Kuhimob's Book Shoppe.
 13688 | D:11     | Bought a book of Flames for 420 gold pieces
 13693 | D:11     | Learned a level 4 spell: Sticky Flame
 13719 | D:11     | Found Woapheup's Weapon Shoppe.
 13721 | D:11     | Reached *** piety under Elyvilon
 13728 | D:11     | Noticed a two-headed ogre
 13750 | D:11     | Killed a two-headed ogre
 13887 | Lair:1   | Entered Level 1 of the Lair of Beasts
 13972 | Lair:1   | Noticed Gastronok
 13989 | Lair:1   | Reached skill level 8 in Invocations
 13999 | Lair:1   | Killed Gastronok
 14000 | Lair:1   | Reached skill level 5 in Conjurations
 14000 | Lair:1   | Reached skill level 5 in Fire Magic
 14763 | Lair:1   | Reached XP level 12. HP: 103/103 MP: 22/22
 14814 | Lair:1   | Reached skill level 9 in Invocations
 15611 | Lair:2   | Reached skill level 1 in Shields
 15678 | Lair:2   | Found a gate leading to a gauntlet.
 15784 | Lair:2   | Reached **** piety under Elyvilon
 15876 | Gauntlet | Entered a Gauntlet
 15876 | Gauntlet | Found a transporter.
 16028 | Gauntlet | Found a transporter.
 16030 | Gauntlet | Found a transporter.
 16046 | Gauntlet | Found a transporter.
 16048 | Gauntlet | Found a transporter.
 16054 | Gauntlet | Found a runed translucent gate.
 16054 | Gauntlet | Found a runed translucent gate.
 16057 | Gauntlet | Found a runed translucent gate.
 16057 | Gauntlet | Found a transporter.
 16073 | Gauntlet | Found a transporter.
 16083 | Gauntlet | Found a transporter.
 16092 | Gauntlet | Noticed a reaper
 16093 | Gauntlet | Found a transporter.
 16111 | Gauntlet | Found a transporter.
 16116 | Gauntlet | Found a transporter.
 16118 | Gauntlet | Found a transporter.
 16385 | Gauntlet | Found a transporter.
 16395 | Gauntlet | Reached skill level 10 in Invocations
 16509 | Gauntlet | Got the Spellbook of the Snake and Accompaniment
 16670 | Gauntlet | Noticed a minotaur
 16695 | Gauntlet | Elyvilon protects you from harm!
 16698 | Gauntlet | Killed a minotaur
 16703 | Gauntlet | HP: 5/103 [themself] (27)]
 17013 | Gauntlet | Got Dotycyari's Spellbook of Topography
 17037 | Gauntlet | Identified the +5 swamp dragon scales of Razxazos {Drain
                  | rPois rF- rCorr MP+9}
 17747 | Lair:2   | Learned a level 3 spell: Inner Flame
 17883 | Lair:2   | Gained mutation: You can use your snake-like lower body to
                  | constrict enemies. [Naga growth]
 17883 | Lair:2   | Reached XP level 13. HP: 83/109 MP: 14/25
 19116 | Lair:3   | Reached skill level 11 in Invocations
 19212 | Lair:3   | Was placed under penance by Elyvilon
 19220 | Lair:3   | Reached skill level 5 in Shields
 19464 | Lair:3   | Found a staircase to the Shoals.
 19826 | Lair:3   | Identified 2 scrolls of acquirement
 19960 | Lair:3   | Found a staircase to the Snake Pit.
 20166 | Lair:3   | Acquired 917 gold pieces
 20168 | Lair:3   | Acquired the amulet of Dugiam {Reflect Int+2 SH+5 SInv}
 20549 | Lair:4   | Was forgiven by Elyvilon
 21368 | Lair:5   | Entered Level 5 of the Lair of Beasts
 22061 | Lair:5   | Reached XP level 14. HP: 97/117 MP: 15/26
 22432 | Lair:5   | Found a staircase to the Slime Pits.
 22433 | Lair:5   | Found a viscous altar of Jiyva.
 22508 | Lair:5   | Reached ***** piety under Elyvilon
 22587 | Lair:5   | Noticed a dire elephant
 22588 | Lair:5   | Noticed a dire elephant
 22588 | Lair:5   | Noticed a dire elephant
 22615 | Lair:5   | Reached skill level 10 in Summonings
 22683 | Lair:5   | Noticed a dire elephant
 22979 | Lair:5   | Reached skill level 12 in Invocations
 23375 | Lair:5   | Got the Quarto of Disgusting Alteration
 23449 | Lair:5   | Pacified a dire elephant
 24234 | Lair:5   | Pacified a dire elephant
 24351 | Lair:5   | Pacified a dire elephant
 24385 | Lair:5   | Pacified a dire elephant
 24395 | Lair:5   | Identified the ring "Heufaum" {rF- rC+ rN+ Dex+9 SInv}
 24738 | D:11     | Found Viesodyb's Weapon Emporium.
 24864 | D:11     | Found Petadeur's Book Shoppe.
 24990 | D:11     | Found a staircase to the Orcish Mines.
 25115 | D:11     | Bought the Unrestrained Analects for 572 gold pieces
 25120 | D:11     | Learned a level 4 spell: Olgreb's Toxic Radiance
 25191 | D:12     | Reached skill level 1 in Poison Magic
 26151 | D:12     | Reached skill level 5 in Poison Magic
 26469 | D:13     | Noticed a storm dragon
 26532 | D:13     | Found a runed translucent gate.
 26533 | D:13     | Found a runed translucent gate.
 26534 | D:13     | Found a runed translucent gate.
 26537 | D:13     | Noticed Newt's ghost (journeyman KoHu)
 27061 | D:13     | Reached XP level 15. HP: 128/128 MP: 21/28
 27256 | D:13     | Found a radiant altar of Vehumet.
 27512 | D:13     | Found a gate to the Vaults.
 28460 | D:14     | Found Rekaefuu's Magic Scroll Emporium.
 28465 | D:14     | Bought a scroll of summoning for 152 gold pieces
 29052 | D:15     | Entered Level 15 of the Dungeon
 29080 | D:15     | Reached skill level 10 in Spellcasting
 29318 | D:15     | Identified the +4 morningstar "Kaerph" {pain, +Blink
                  | Will+++ MP+9 Stlth-}
 29337 | D:15     | Found a staircase to the Depths.
 29727 | D:15     | Found a snail-covered altar of Cheibriados.
 30714 | Orc:1    | Entered Level 1 of the Orcish Mines
 30894 | Orc:2    | Entered Level 2 of the Orcish Mines
 31342 | Orc:2    | Reached XP level 16. HP: 93/135 MP: 1/30
 31578 | Orc:2    | Found Naivor's Jewellery Shoppe.
 31578 | Orc:2    | Found Daomnus's Weapon Shop.
 31696 | Orc:2    | Found Cuniet's Weapon Emporium.
 31696 | Orc:2    | Found Iciept's Jewellery Shop.
 31758 | Orc:2    | Found a staircase to the Elven Halls.
 32073 | Orc:2    | Found a staircase to the Elven Halls.
 32100 | Orc:2    | Found Naivor's Jewellery Shoppe.
 32105 | Orc:2    | Found Iciept's Jewellery Shop.
 32105 | Orc:2    | Found Cuniet's Weapon Emporium.
 32105 | Orc:2    | Found Daomnus's Weapon Shop.
 32497 | Orc:1    | You fall into a shaft and drop 1 floor!
 32556 | Orc:1    | Found Zott's Self-Improvement Boutique.
 32707 | Orc:1    | Bought a manual of Fire Magic for 1120 gold pieces
 32712 | Orc:1    | Learned a level 4 spell: Flame Wave
 32721 | Orc:1    | Learned a level 6 spell: Starburst
 32892 | Shoals:1 | Entered Level 1 of the Shoals
 33651 | Shoals:1 | Reached skill level 15 in Summonings
 34640 | Shoals:2 | Reached skill level 10 in Fire Magic
 35214 | Shoals:2 | Reached ****** piety under Elyvilon
 36075 | Shoals:3 | Found Yrghido's Antique Weapon Emporium.
 36158 | Shoals:3 | Found Cuaskeb's Weapon Boutique.
 36332 | Shoals:3 | Found Neajim's Magic Scroll Shop.
 36452 | Shoals:3 | Found Zivemorgh's Weapon Emporium.
 36695 | Shoals:4 | Entered Level 4 of the Shoals
 37172 | Shoals:4 | Learned a level 2 spell: Blink
 37175 | Shoals:4 | Learned a level 2 spell: Lesser Beckoning
 37196 | Shoals:4 | Identified the ring of Qikiuhoz {rC+++ MP+9 Dex-4 Slay+6}
 37201 | Shoals:4 | Reached skill level 1 in Translocations
 37201 | Shoals:4 | Reached XP level 17. HP: 127/142 MP: 15/33
 37227 | Shoals:4 | HP: 6/142 [alligator snapping turtle (39)]
 37649 | Shoals:4 | Noticed a sphinx
 37649 | Shoals:4 | Noticed a sphinx
 37667 | Shoals:4 | Killed a sphinx
 37670 | Shoals:4 | Killed a sphinx
 37856 | Shoals:4 | Got a barnacled rune of Zot
 37883 | Shoals:4 | Noticed a sphinx
 37891 | Shoals:4 | Killed a sphinx
 37895 | Shoals:4 | Identified the ring of Temptation {rF+ rC+ Dex+3}
 37898 | Shoals:4 | Got the Handbook of Precision Catastrophes
 38534 | Shoals:3 | Bought a scroll of acquirement for 832 gold pieces
 38534 | Shoals:3 | Acquired the +0 pair of gloves "Zeom Nao" {rN+}
 38635 | Snake:1  | Entered Level 1 of the Snake Pit
 41799 | Snake:2  | Noticed Agnes
 41811 | Snake:2  | Killed Agnes
 42130 | Snake:2  | Noticed Aizul
 42139 | Snake:2  | Killed Aizul
 42140 | Snake:2  | Reached XP level 18. HP: 142/150 MP: 26/36
 42327 | Snake:2  | Reached skill level 15 in Spellcasting
 42610 | Snake:2  | Learned a level 7 spell: Monstrous Menagerie
 43148 | Snake:3  | Found a transporter.
 43441 | Snake:3  | Found a transporter.
 44700 | Snake:4  | Entered Level 4 of the Snake Pit
 44771 | Snake:4  | Reached skill level 13 in Invocations
 44779 | Snake:4  | Reached skill level 1 in Staves
 45275 | Snake:4  | Reached skill level 1 in Armour
 47049 | Snake:4  | Reached skill level 15 in Fire Magic
 47469 | Snake:4  | Got a serpentine rune of Zot
 47947 | Vaults:1 | Entered Level 1 of the Vaults
 47947 | Vaults:1 | Found Guiphoru's Assorted Antiques.
 48193 | Vaults:1 | Reached XP level 19. HP: 149/159 MP: 27/38
 49648 | Vaults:1 | Found Xaont's Armour Emporium.
 49708 | Vaults:1 | Bought a +3 leather armour of willpower for 384 gold pieces
 49888 | Vaults:2 | Reached skill level 14 in Invocations
 49896 | Vaults:2 | Noticed Bai Suzhen
 50177 | Vaults:2 | Identified the +3 robe of the King of the Hill {rElec rF++
                  | Dex+2 Slay-4}
 51929 | Vaults:2 | Reached XP level 20. HP: 102/169 MP: 14/39
 52230 | Vaults:2 | Killed Bai Suzhen
 53315 | Vaults:3 | Noticed Asterion
 53323 | Vaults:3 | Killed Asterion
 54178 | Vaults:3 | Reached skill level 5 in Staves
 54460 | Vaults:3 | Reached skill level 15 in Invocations
 55062 | Vaults:3 | Found an ancient bone altar of Kikubaaqudgha.
 55063 | Vaults:3 | Found a staircase to the Crypt.
 55144 | Vaults:3 | Found a basalt altar of Yredelemnul.
 56099 | Vaults:3 | Noticed Mara
 56123 | Vaults:3 | Killed Mara
 56786 | Vaults:4 | Reached XP level 21. HP: 160/178 MP: 27/40
 56966 | Vaults:4 | Found Luorgh's Antique Weapon Shop.
 57018 | Vaults:4 | Found a crumbling gateway.
 57069 | Desolati | Entered the Desolation of Salt
 57521 | Desolati | Identified the amulet "Urpheof" {Faith Regen+ Str+2 Dex+2
                  | SInv}
 57565 | Desolati | Identified the +5 ring mail of Caesma Qafi {Harm rCorr}
 57635 | Desolati | Reached skill level 5 in Armour
 57682 | Desolati | Identified the amulet "Toont" {Acrobat rElec rC+ Regen+}
 57774 | Desolati | Reached skill level 10 in Conjurations
 57959 | Desolati | Identified the ring "Otelam" {Will+ Int+3 Dex+6}
 58344 | Desolati | Identified the ring of Vonylamm {rPois rN+ rCorr Stlth+}
 58355 | Desolati | Identified the ring of Romoaponn {rElec rF- rN++ rCorr}
 58434 | Desolati | Got the Vellum of the Swarm
 58779 | Vaults:4 | Found Feutusa's Jewellery Shop.
 59265 | Vaults:4 | Found Juqyoheg's Magic Scroll Boutique.
 59369 | Vaults:4 | Found Hurood's General Store.
 59412 | Vaults:4 | Noticed Boris
 59431 | Vaults:4 | Killed Boris
 59618 | Vaults:4 | Found Agok's Antique Weapon Boutique.
 60061 | Vaults:5 | Entered Level 5 of the Vaults
 60070 | Vaults:4 | Reached skill level 16 in Invocations
 60365 | Elf:1    | Entered Level 1 of the Elven Halls
 60847 | Elf:1    | Found the +6 lightning scales {swift, rElec}
 61879 | Elf:2    | Reached XP level 22. HP: 188/189 MP: 4/42
 62015 | Elf:3    | Entered Level 3 of the Elven Halls
 62159 | Elf:2    | Paralysed by an air elemental for 1 turns
 62463 | Elf:2    | Found a runed translucent gate.
 62464 | Elf:2    | Found a runed translucent gate.
 62464 | Elf:2    | Found a runed translucent gate.
 63046 | Elf:3    | Found Agus's Armour Emporium.
 64447 | Elf:3    | Reached skill level 10 in Fighting
 64455 | Elf:3    | Paralysed by an air elemental for 1 turns
 64461 | Elf:3    | Paralysed by an air elemental for 1 turns
 64711 | Elf:3    | Identified the +1 short sword of the Howling Gods {freeze,
                  | Dex+2}
 65024 | Elf:3    | Identified the ring of the Leaf {Fly Int+4}
 65207 | Elf:3    | Reached skill level 17 in Invocations
 65277 | Elf:3    | Got the Spellbook of Molten Virulence
 65336 | Elf:3    | Identified the +10 shortbow of the Butterfly {drain, rCorr
                  | Str+3}
 66405 | Slime:1  | Entered Level 1 of the Pits of Slime
 67018 | Slime:2  | Gained mutation: You do not regenerate when monsters are
                  | visible. [a shining eye]
 67695 | Slime:4  | Reached skill level 10 in Shields
 69123 | Slime:5  | Entered Level 5 of the Pits of Slime
 69452 | Slime:5  | Was placed under penance by Elyvilon
 69454 | Slime:5  | Reached XP level 23. HP: 135/198 MP: 7/43
 70710 | Crypt:1  | Entered Level 1 of the Crypt
 71124 | Crypt:1  | Was forgiven by Elyvilon
 72079 | Slime:5  | Noticed the Royal Jelly
 72179 | Slime:5  | Found a viscous altar of Jiyva.
 72181 | Slime:5  | Found the amulet of the Four Winds {rN+ Will+++ Clar}
 73363 | Crypt:2  | Noticed Donald
 73374 | Crypt:2  | Killed Donald
 73960 | Crypt:3  | Entered Level 3 of the Crypt
 74346 | Crypt:3  | Noticed Frederick
 74360 | Crypt:3  | Killed Frederick
 74475 | Crypt:3  | Noticed Khufu
 74486 | Crypt:3  | Killed Khufu
 74493 | Crypt:3  | Noticed a royal mummy
 74561 | Crypt:3  | Killed a royal mummy
 74562 | Crypt:3  | Reached skill level 15 in Shields
 74808 | Crypt:2  | Found a shimmering altar of Xom.
 74855 | Crypt:3  | Noticed a royal mummy
 74913 | Crypt:3  | Killed a royal mummy
 75205 | Crypt:3  | Reached XP level 24. HP: 203/203 MP: 37/43
 75282 | Crypt:3  | Learned a level 8 spell: Ignition
 75527 | Crypt:3  | Found a staircase to the Tomb.
 76641 | Crypt:3  | Found an ancient bone altar of Kikubaaqudgha.
 77820 | Vaults:5 | Reached skill level 10 in Evocations
 78123 | Vaults:5 | Found Tiugyekh's Assorted Antiques.
 78126 | Vaults:5 | Found Cajeaqes's Assorted Antiques.
 78133 | Vaults:5 | Bought a pitted ring mail for 216 gold pieces
 78133 | Vaults:5 | Identified the +4 ring mail of the Slug {rF+ Str+3 Dex+3}
                  | (You bought it in a shop on level 5 of the Vaults)
 78148 | Vaults:5 | Bought a scroll of fog for 196 gold pieces
 78172 | Vaults:5 | Reached XP level 25. HP: 199/216 MP: 23/43
 78451 | Vaults:5 | Got the Reference Book on Transmutation
 78498 | Vaults:5 | Reached skill level 18 in Invocations
 78503 | Vaults:5 | Got the Monograph on Fascination and the Bonfire
 78504 | Vaults:5 | Identified the +4 ring mail of Experimentation {Dex+4}
 78682 | Vaults:5 | Noticed a dread lich
 78694 | Vaults:5 | Killed a dread lich
 78999 | Vaults:5 | Noticed an ancient lich
 79010 | Vaults:5 | Pacified an ancient lich
 79031 | Vaults:5 | Killed an ancient lich
 79224 | Vaults:5 | Got a silver rune of Zot
 79232 | Vaults:5 | Identified the ring "Fuuqum" {rN+ rCorr MP-9 Stlth+}
 79412 | Vaults:5 | Identified the amulet of Yjaur {Harm rF- rN+ Regen+}
 79425 | Vaults:5 | Identified the +5 scale mail of the Hot Ocelot {Harm rN++
                  | Int+4 Dex-5}
 79785 | Vaults:5 | Bought a bubbling white potion for 44 gold pieces
 79819 | Vaults:5 | Bought a steaming chain mail for 228 gold pieces
 79819 | Vaults:5 | Identified the +2 chain mail of the Aged Suns {rC+ Will+
                  | Dex-5} (You bought it in a shop on level 5 of the Vaults)
 79819 | Vaults:5 | Bought a potion of might for 96 gold pieces
 79819 | Vaults:5 | Bought a potion of mutation for 192 gold pieces
 79894 | Vaults:4 | Bought 2 scrolls of poison for 160 gold pieces
 79894 | Vaults:4 | Bought a scroll of blinking for 150 gold pieces
 79950 | Vaults:4 | Bought a scroll of teleportation for 45 gold pieces
 79950 | Vaults:4 | Bought a scroll of magic mapping for 112 gold pieces
 79950 | Vaults:4 | Bought a scroll of teleportation for 45 gold pieces
 79950 | Vaults:4 | Bought a scroll of fog for 60 gold pieces
 79950 | Vaults:4 | Bought a scroll of fear for 60 gold pieces
 80134 | D:14     | Bought a scroll of poison for 64 gold pieces
 80134 | D:14     | Bought a scroll of vulnerability for 64 gold pieces
 80134 | D:14     | Bought a scroll of magic mapping for 120 gold pieces
 80134 | D:14     | Bought a scroll of teleportation for 48 gold pieces
 80363 | Shoals:3 | Bought a scroll of poison for 64 gold pieces
 80363 | Shoals:3 | Bought a scroll of vulnerability for 64 gold pieces
 80363 | Shoals:3 | Bought a scroll of blinking for 120 gold pieces
 80363 | Shoals:3 | Bought a scroll of teleportation for 48 gold pieces
 80363 | Shoals:3 | Bought a scroll of teleportation for 48 gold pieces
 80561 | D:6      | Bought a potion of resistance for 130 gold pieces
 80561 | D:6      | Bought a potion of mutation for 104 gold pieces
 80561 | D:6      | Bought a potion of curing for 39 gold pieces
 80561 | D:6      | Bought a potion of curing for 39 gold pieces
 80561 | D:6      | Bought a potion of curing for 39 gold pieces
 80713 | Vaults:1 | Bought 2 potions of heal wounds for 380 gold pieces
 81018 | Slime:5  | Killed the Royal Jelly
 81238 | Slime:5  | Got Suithoch's Quarto of Supportive Shadows
 81249 | Slime:5  | Got the Book of the Ninety-Nine Artisans
 81277 | Slime:5  | Got a slimy rune of Zot
 81295 | Slime:5  | Identified the +8 rapier "Grim Tooth" {drain, *Noise Str+5
                  | Int+4}
 81309 | Slime:5  | Lost mutation: You do not regenerate when monsters are
                  | visible. [potion of mutation]
 81309 | Slime:5  | Gained mutation: You are frail. (-10% HP) [potion of
                  | mutation]
 81309 | Slime:5  | Gained mutation: You have hidden genetic potential. [potion
                  | of mutation]
 81309 | Slime:5  | Gained mutation: You have a pair of small horns on your
                  | head. [potion of mutation]
 81590 | Depths:1 | Entered Level 1 of the Depths
 81620 | Depths:1 | Found Pajiphet's Antique Armour Emporium.
 81642 | Depths:1 | Reached skill level 10 in Dodging
 81958 | Depths:1 | Bought a distressingly furry leather armour for 217 gold
                  | pieces
 81958 | Depths:1 | Identified the +2 leather armour "Decwat" {Harm *Slow rPois
                  | Int+4} (You bought it in a shop on level 1 of the Depths)
 81983 | Depths:1 | Found Litaat's Antique Weapon Shop.
 82123 | Depths:1 | Found a one-way gateway to a ziggurat.
 82280 | Depths:1 | Found Vyrghoac's Book Shoppe.
 82283 | Depths:1 | Found Pitamag's Jewellery Shop.
 82284 | Depths:1 | Found Tott's Book Shoppe.
 82303 | Depths:1 | Found a gateway to Hell.
 82303 | Depths:1 | Noticed Margery
 82326 | Depths:1 | Killed Margery
 82574 | Depths:1 | Found a runed translucent door.
 82578 | Depths:1 | Noticed lessens's ghost (adept TrIE)
 82586 | Depths:1 | Found Pulow's Assorted Antiques.
 82645 | Depths:1 | Found Wulag's Jewellery Emporium.
 83191 | Depths:2 | Noticed mampy3000's ghost (adept MiBe)
 83199 | Depths:2 | Found a runed translucent door.
 83229 | Depths:2 | Reached skill level 19 in Invocations
 83286 | Depths:2 | Killed mampy3000's ghost
 83474 | Depths:2 | Reached skill level 10 in Staves
 83618 | Depths:2 | Reached XP level 26. HP: 197/205 MP: 33/43
 83658 | Depths:2 | Found a one-way gate leading to the halls of Pandemonium.
 84605 | Depths:3 | Found a one-way gate to the infinite horrors of the Abyss.
 85132 | Depths:3 | Noticed Grunn
 85144 | Depths:3 | Killed Grunn
 85202 | Depths:3 | Gained mutation: You expend magic power (3 MP) to
                  | strengthen your wands. [hidden potential]
 85542 | Depths:3 | Found an iron altar of Okawaru.
 85616 | Depths:3 | Found the +7 Spriggan's Knife {stab, EV+4 Stlth+}
 85672 | Depths:3 | Identified the +3 flail "Conservator" {flame, Str+4}
 85719 | Depths:3 | Identified the +1 ring mail of Failure {rF+ Stlth+}
 85899 | Depths:3 | Found the +8 orange crystal plate armour {Archmagi, Int+3
                  | Clar}
 85926 | Depths:3 | Identified the +8 chain mail of Misanthropy {+Inv rN++}
 86028 | Depths:4 | Entered Level 4 of the Depths
 86040 | Depths:4 | Reached skill level 20 in Invocations
 86193 | Depths:4 | Found Posuf's Assorted Antiques.
 86203 | Depths:4 | Bought 2 potions of haste for 480 gold pieces
 86203 | Depths:4 | Bought a scroll of magic mapping for 180 gold pieces
 86396 | Depths:4 | Found a gate to the Realm of Zot.
 86838 | Depths:4 | Noticed Xtahua
 86854 | Depths:4 | Killed Xtahua
 87349 | Zot:1    | Entered Level 1 of the Realm of Zot
 88047 | Zot:1    | Noticed an orb of fire
 88830 | Zot:2    | Identified the ring "Xoizuwel" {Ice rElec rPois Str+3}
 88830 | Zot:2    | Noticed Josephina
 88832 | Zot:2    | Reached XP level 27. HP: 162/214 MP: 14/43
 88841 | Zot:2    | Killed Josephina
 90475 | Zot:3    | Reached skill level 21 in Invocations
 90506 | Zot:3    | Gained mutation: Your muscles are strong. (Str +4, Int/Dex
                  | -1) [hidden potential]
 90506 | Zot:3    | Lost mutation: You have hidden genetic potential. [hidden
                  | potential expressed]
 92600 | Zot:4    | Noticed an ancient lich
 92608 | Zot:4    | Killed an ancient lich
 93289 | Zot:5    | Entered Level 5 of the Realm of Zot
 93333 | Zot:5    | Reached skill level 22 in Invocations
 94412 | Zot:1    | Gained mutation: Your spells are a little harder to cast,
                  | but a little more powerful. [an orb of fire]
 94415 | Zot:1    | Gained mutation: You are very frail. (-20% HP) [an orb of
                  | fire]
 94424 | Zot:1    | Killed an orb of fire
 94525 | Zot:1    | Lost mutation: Your spells are a little harder to cast, but
                  | a little more powerful. [potion of mutation]
 94525 | Zot:1    | Lost mutation: You have a pair of small horns on your head.
                  | [potion of mutation]
 94525 | Zot:1    | Gained mutation: You have a pair of small horns on your
                  | head. [potion of mutation]
 94525 | Zot:1    | Gained mutation: You are somewhat resistant to further
                  | mutation. [potion of mutation]
 94526 | Zot:1    | Lost mutation: You are somewhat resistant to further
                  | mutation. [potion of mutation]
 94526 | Zot:1    | Lost mutation: Your muscles are strong. (Str +4, Int/Dex
                  | -1) [potion of mutation]
 94526 | Zot:1    | Gained mutation: You have a somewhat thin skeletal
                  | structure. (Dex +2, Stealth+) [potion of mutation]
 94526 | Zot:1    | Gained mutation: Your muscles are strong. (Str +4, Int/Dex
                  | -1) [potion of mutation]
 94527 | Zot:1    | Lost mutation: Your muscles are strong. (Str +4, Int/Dex
                  | -1) [potion of mutation]
 94527 | Zot:1    | Lost mutation: You are very frail. (-20% HP) [potion of
                  | mutation]
 94528 | Zot:1    | Lost mutation: You have a somewhat thin skeletal structure.
                  | (Dex +2, Stealth+) [potion of mutation]
 94528 | Zot:1    | Lost mutation: You have a pair of small horns on your head.
                  | [potion of mutation]
 94528 | Zot:1    | Gained mutation: You have a pair of small antennae on your
                  | head. [potion of mutation]
 94528 | Zot:1    | Gained mutation: You are strong-willed. (Will+) [potion of
                  | mutation]
 94697 | Zot:5    | Learned a level 1 spell: Apportation
 94940 | D:13     | Killed Newt's ghost
 95071 | D:11     | Bought a book of the Moon for 600 gold pieces
 95076 | D:11     | Learned a level 4 spell: Passage of Golubria
 95218 | Depths:3 | Voluntarily entered the Abyss.
 95221 | Abyss:1  | Found a corrupted altar of Lugonu.
 95265 | Abyss:1  | Found a corrupted altar of Lugonu.
 95273 | Abyss:1  | Noticed a dread lich
 95287 | Abyss:1  | Pacified a dread lich
 95289 | Abyss:1  | Found a corrupted altar of Lugonu.
 95322 | Abyss:1  | Found a corrupted altar of Lugonu.
 95616 | Abyss:3  | Found a corrupted altar of Lugonu.
 95630 | Abyss:3  | Reached skill level 5 in Translocations
 95821 | Abyss:4  | Found a corrupted altar of Lugonu.
 95935 | Abyss:5  | Got an abyssal rune of Zot
 95938 | Depths:3 | Escaped the Abyss
 96386 | Zot:5    | Noticed a dread lich
 96405 | Zot:5    | Killed a dread lich
 96406 | Zot:5    | Reached skill level 15 in Fighting
 96797 | Zot:5    | Noticed an orb of fire
 96871 | Zot:5    | Noticed an orb of fire
 96875 | Zot:5    | Noticed an orb of fire
 96876 | Zot:5    | Gained mutation: Your body sometimes deteriorates upon
                  | taking damage. [an orb of fire]
 96879 | Zot:5    | Noticed an orb of fire
 96879 | Zot:5    | Gained mutation: You are clumsy. (Dex -2) [an orb of fire]
 96879 | Zot:5    | Gained mutation: You sometimes lose your temper in combat.
                  | [an orb of fire]
 96887 | Zot:5    | Noticed an orb of fire
 96888 | Zot:5    | Got the Orb of Zot
 96888 | Zot:5    | Noticed an orb of fire
 96900 | Zot:5    | Gained mutation: You are dopey. (Int -2) [an orb of fire]
 96903 | Zot:5    | Gained mutation: You have an uncontrollable temper. [an orb
                  | of fire]
 97131 | Depths:2 | Noticed Pyclu Ile the pandemonium lord
 97300 | D:7      | Noticed Iresac the pandemonium lord
 97401 | D:$      | Escaped with the Orb!

Illustrated notes

Levels and vault maps discovered:
D:1:      dpeg_arrival_circle_labyrinth_c, layout_loops_corners,
          chequers_serial_rivers_micro_a
D:2:      layout_basic, grunt_ministairs_1, minivault_23,
          kennysheep_generic_room_15
D:3:      layout_basic, mainiacjoe_overflow_small_starburst
D:4:      corexii_shack_village, layout_rooms, nemelex_diamond_rough_becter,
          mainiacjoe_overflow_surrounded_room, chequers_arboretum
D:5:      layout_gridville, nicolae_concentric_dashed_squares_mild
D:6:      layout_cave_pools, serial_shops, shop, nicolae_shop_statue_plus,
          st_stairs_10, patterned_corridor
D:7:      layout_basic, jmf_multi_god_temple,
          minmay_temple_entry_gardened_gates, uniq_crazy_yiuf_cottage
D:8:      layout_basic, good_gods_mini_temple, nicolae_ru_path_of_blood,
          st_stairs_8, sigmund_army, uniq_maurice, uniq_psyche
D:9:      layout_cave_pools, minmay_lair_entry_lava, minmay_misc_feat_x,
          hex_tiny, uniq_harold
D:10:     layout_gridville, fedhas_bush_and_centaur_altar, kennysheep_mini
D:11:     layout_rooms, orc_0_dummy, serial_shops, nicolae_shop_behind_doors,
          nicolae_diamond_shop, shop_coins, nicolae_shop_bloodbath_and_beyond
D:12:     layout_rooms
D:13:     layout_roguey, david_vaults_4, gammafunk_ghost_split,
          vehumet_altar_wand_db
D:14:     layout_stronghold, serial_shops, nicolae_shop_hallway_stairs
D:15:     hangedman_depths_entry_civil_slaughter, layout_long_grid,
          serial_bayou_pond_a, cheibrodos_worm_habitat
Temple:   minmay_freezing_vapour_temple
Lair:1:   layout_misc_corridors, grunt_megastairs_4, uniq_gastronok
Lair:2:   layout_cave_pods, gauntlet_entry_generic
Lair:3:   layout_loops_ring, minmay_shoals_entry_centaurs, dummy_snake_entry
Lair:4:   layout_cellular_growth, serial_forest, infiniplex_forest_lined_room_3,
          infiniplex_forest_clump_long, infiniplex_forest_end_double,
          infiniplex_forest_straight_4, infiniplex_forest_side_room,
          serial_bayou_pond_e, kennysheep_basilisk_garden
Lair:5:   due_jungle_book, layout_gridlike, slime_entry_1,
          bobbens_dragon_lair_wall
Shoals:1: layout_shoals
Shoals:2: layout_shoals, yaktaur_hedge
Shoals:3: layout_shoals, serial_shops, shop, shop, shop, nicolae_lakefront_shop
Shoals:4: shoals_end_hellmonk_lost_city
Snake:1:  nicolae_snake_nest, layout_misc_corridors, nicolae_triple_integral,
          lemuel_fruit_tree, uniq_azrael
Snake:2:  layout_onion_interference, uniq_agnes, uniq_aizul
Snake:3:  gammafunk_sealed_arena, layout_chambers
Snake:4:  snake_pit, layout_cave_town
Slime:1:  layout_caves, nicolae_slime_phagocytosis
Slime:2:  layout_caves
Slime:3:  layout_caves
Slime:4:  layout_caves
Slime:5
Orc:1:    layout_caves, nicolae_shop_self_help
Orc:2:    st_orc_ogre_mass, layout_caves
Elf:1:    minmay_elf_arrival_plus, layout_gridlike,
          kennysheep_underground_church
Elf:2:    nicolae_elf_blades_crystal_corner, layout_gridlike
Elf:3:    minmay_elf_hall_x, layout_geoelf_grid, serial_shops, shop
Vaults:1: ontoclasm_vaults_shuriken, hangedman_vaults_river_flow, v_misc_27,
          nicolae_vaults_diagonal_hallway_6, nicolae_vaults_angled_halls,
          vaults_room_pools, v_misc_5, nicolae_vaults_inception_scallops,
          vaults_room_mumra_shop_pool, vaults_room_pool,
          ontoclasm_vaults_misaligned, vaults_room_corners, vaults_room_pools,
          vaults_dpeg_cross, layout_vaults_omnibox, serial_shops, shop
Vaults:2: v_misc_8, v_misc_16, hangedman_vaults_trim, hangedman_vaults_stream,
          nicolae_vaults_murderbox, hangedman_vaults_slither,
          nicolae_vaults_stairing_the_circle, ontoclasm_vaults_loading_screen,
          vaults_dpeg_doors, hangedman_vaults_cutoff, vaults_dpeg_hooks,
          vaults_mumra_hex, v_misc_14, v_misc_13, ontoclasm_vaults_ring_large,
          v_misc_19, layout_vaults_maze_bifur, serial_shops, uniq_bai_suzhen
Vaults:3: v_misc_13, vaults_dpeg_encased_lava, vaults_mumra_minichess_inversion,
          nicolae_vaults_little_squares_4, v_misc_17,
          minmay_crypt_entry_necro_gods, ontoclasm_vaults_idyll,
          nicolae_vaults_little_squares_5, ontoclasm_vaults_loading_screen,
          v_misc_17, ontoclasm_vaults_spin, vaults_dpeg_emergency_exit,
          v_rooms_5, nicolae_vaults_little_squares_3, special_room_vaults
          [special_room_orc], layout_vaults_ring, uniq_asterion, uniq_mara
Vaults:4: portal_desolation_entry_twin_temple, ontoclasm_vaults_misaligned,
          vaults_room_stairs_pillars, v_misc_13, vaults_room_stairs_pillars,
          v_misc_12, nicolae_vaults_asterisk, layout_vaults_omnigrid,
          serial_shops, nicolae_shop_statue_plus, shop, shop,
          nicolae_shop_hallway_plus, shop, uniq_boris
Vaults:5
Crypt:1:  layout_rooms
Crypt:2:  layout_regular_city, lemuel_upstairs_altar, uniq_donald
Crypt:3:  church_of_pain_bobbens, layout_chaotic_city,
          tomb_entry_simple_bobbens, minmay_misc_feat_ornament, minivault_5,
          grunt_ministairs_8, uniq_khufu, uniq_frederick
Depths:1: layout_long_grid, enter_ziggurat_e, grunt_metal_band,
          serial_bayou_lagoon_a, serial_shops, nicolae_square_shop,
          nicolae_shop_overgrown_old_shop, nicolae_take_the_stairs,
          nicolae_shop_crystal, ebering_ghost_reflecting_pool,
          bh_walls_and_bars, serial_bayou_shore_b, minmay_shop_grove
Depths:2: minmay_bubble_buster, layout_cave_pools, special_room
          [special_room_jelly], hellmonk_ghost_happy_afterlife, pan_entry,
          hangedman_tar_grid_catacomb, hex_medium, minmay_misc_feat_square,
          chequers_serial_rivers_marsh
Depths:3: evilmike_iron_armoury, layout_basic, minmay_room_of_horrors,
          minmay_misc_feat_iff, hell_entry, uniq_grunn
Depths:4: grunt_crosshair, layout_gridville, hell_entry, serial_shops,
          nicolae_shop_crystal, minmay_parallelograms, uniq_xtahua
Zot:1:    layout_cathedral_of_symmetry
Zot:2:    layout_onion, uniq_josephina
Zot:3:    kennysheep_six_static_rooms, layout_cellular_growth,
          grunt_ministairs_5
Zot:4:    ebering_klown_carousel, layout_basic, bh_zot_levy_curve,
          hangedman_zot_decor_scrapings
Zot:5:    layout_basic

Skill      XL: |  1  2  3  4  5  6  7  8  9 10 11 12 13 14 15 16 17 18 19 20 21 22 23 24 25 26 27 |
---------------+----------------------------------------------------------------------------------+-----
Fighting       | 1 3 5 6 7 8 9 10 11 12 15 | 15.7
Summonings     | 5 6 7 8 9 11 14 15 16 17 18 | 18.0
Spellcasting   | 3 4 6 7 8 9 10 12 14 15 16 17 | 17.3
Evocations     | 1 2 3 5 6 7 8 9 10 11 12 13 | 13.8
Hexes          | 1 2 3 |  3.0
Dodging        | 2 4 5 6 7 8 9 10 11 12 | 12.4
Stealth        | 4 6 8 |  8.0
Air Magic      | 1 3 |  3.0
Invocations    | 5 8 10 11 12 13 14 15 16 17 19 20 22 | 22.4
Conjurations   | 3 5 6 8 9 10 | 10.0
Fire Magic     | 3 5 6 8 12 14 15 16 17 18 19 20 | 20.0
Shields        | 4 6 7 8 11 15 16 17 | 17.4
Poison Magic   | 7 |  7.0
Translocations | 1 3 9 |  9.1
Staves         | 2 4 5 6 7 8 10 11 12 | 12.0
Armour         | 2 3 4 5 6 |  6.0

Action                     |  1- 3 |  4- 6 |  7- 9 | 10-12 | 13-15 | 16-18 | 19-21 | 22-24 | 25-27 || total
---------------------------+-------+-------+-------+-------+-------+-------+-------+-------+-------++-------
  Melee: Unarmed           |     4 |       |       |    42 |   205 |       |       |       |     2 ||   253
         Whip              |     5 |     1 |       |       |       |       |       |       |       ||     6
         Constrict         |       |       |       |       |    42 |   100 |   208 |   137 |   243 ||   730
         Staff             |       |       |       |       |       |   413 |   795 |  1071 |  1965 ||  4244
         Headbutt          |       |       |       |       |       |       |       |       |   607 ||   607
   Fire: Sling             |       |    38 |       |       |   274 |   279 |       |       |       ||   591
         Shortbow          |       |    10 |   158 |   219 |       |       |       |       |       ||   387
  Throw: Dart              |       |       |       |     2 |       |       |       |       |       ||     2
   Cast: Summon Small Mamm |    35 |    10 |       |       |       |       |       |       |       ||    45
         Call Imp          |     6 |     1 |     8 |       |       |       |       |       |       ||    15
         Call Canine Famil |       |    15 |    34 |    50 |    85 |    68 |       |     2 |       ||   254
         Summon Guardian G |       |       |     7 |    18 |    43 |    10 |     4 |     3 |       ||    85
         Summon Lightning  |       |       |     3 |    28 |    61 |    50 |    33 |    29 |     8 ||   212
         Sticky Flame      |       |       |       |    37 |    90 |    20 |    39 |    51 |     8 ||   245
         Fireball          |       |       |       |     2 |     6 |    26 |    38 |    36 |     9 ||   117
         Inner Flame       |       |       |       |       |     1 |       |     4 |     4 |       ||     9
         Olgreb's Toxic Ra |       |       |       |       |    24 |    78 |    10 |     2 |     1 ||   115
         Flame Wave        |       |       |       |       |       |     3 |       |       |       ||     3
         Blink             |       |       |       |       |       |     7 |     3 |     7 |     5 ||    22
         Monstrous Menager |       |       |       |       |       |    82 |   148 |   178 |   228 ||   636
         Lesser Beckoning  |       |       |       |       |       |     1 |     1 |    13 |     4 ||    19
         Starburst         |       |       |       |       |       |       |    38 |    40 |     3 ||    81
         Ignition          |       |       |       |       |       |       |       |    19 |    70 ||    89
         Passage of Golubr |       |       |       |       |       |       |       |       |     4 ||     4
         Apportation       |       |       |       |       |       |       |       |       |     3 ||     3
 Invoke: Heal Other        |       |       |       |     5 |     8 |    12 |     1 |       |     8 ||    34
         Heal Self         |       |       |       |     1 |     8 |    16 |     7 |    12 |     7 ||    51
         Purification      |       |       |       |       |     1 |     1 |     1 |     3 |     5 ||    11
         Divine Vigour     |       |       |       |       |       |     2 |       |     8 |     5 ||    15
Ability: Spit Poison       |    41 |    20 |    14 |    25 |     9 |     6 |     2 |       |       ||   117
  Evoke: Wand              |       |     6 |     8 |     5 |     6 |    28 |     9 |     2 |     9 ||    73
         Lightning rod     |       |       |       |       |     6 |     5 |     3 |    11 |       ||    25
         Tin of tremorston |       |       |       |       |       |     4 |     2 |     2 |     2 ||    10
         Phantom mirror    |       |       |       |       |       |       |     1 |     3 |     1 ||     5
         Phial of floods   |       |       |       |       |       |       |       |     5 |     3 ||     8
         Box of beasts     |       |       |       |       |       |       |       |     2 |     1 ||     3
    Use: Scroll            |       |     3 |     2 |    13 |    17 |    11 |     3 |    13 |    21 ||    83
         Potion            |       |       |       |     5 |     2 |     4 |     1 |     7 |    20 ||    39
   Stab: Sleeping          |       |     1 |       |       |     1 |     6 |    11 |     5 |     4 ||    28
         Distracted        |       |       |       |     2 |     3 |    24 |    30 |    54 |   102 ||   215
         Invisible         |       |       |       |       |       |     5 |       |       |       ||     5
         Paralysed         |       |       |       |       |       |     1 |    13 |    11 |    11 ||    36
         Confused          |       |       |       |       |       |       |       |       |     5 ||     5
 Armour: Robe              |    14 |    20 |    15 |   118 |   176 |   150 |    18 |       |       ||   511
         Steam dragon scal |       |       |    13 |       |       |       |       |       |       ||    13
         Leather armour    |       |       |       |       |       |       |   230 |   464 |       ||   694
         Skin              |       |       |       |       |       |       |       |    22 |    15 ||    37
         Ring mail         |       |       |       |       |       |       |       |       |   711 ||   711
  Dodge: Dodged            |    14 |    18 |    55 |   174 |   185 |   239 |   295 |   294 |   544 ||  1818
         Repelled          |       |       |       |     3 |     4 |       |       |       |       ||     7
  Block: Kite shield       |       |       |       |    50 |   485 |   890 |   898 |   134 |       ||  2457
         Reflection        |       |       |       |       |    19 |   167 |    51 |       |       ||   237
         Tower shield      |       |       |       |       |       |       |       |  1218 |  2438 ||  3656

Table legend: (Time is in decaauts)
 A = Elapsed time spent in this place.
 B = Non-inter-level travel time spent in this place.
 C = Inter-level travel time spent in this place.
 D = Time resting spent in this place.
 E = Time spent auto-exploring this place.
 F = Levels seen in this place.
 G = Mean time per level.
                   A        B        C        D        E       F      G
               +--------+--------+--------+--------+--------+-----+--------+
         Total | 112503 | 101194 |  11309 |  16340 |  62533 |  63 | 1785.8 |
       Dungeon |  26768 |  23028 |   3740 |   4806 |  13645 |  15 | 1784.5 |
        Temple |     21 |     21 |      0 |      0 |     14 |   1 |   21.0 |
          Lair |  12477 |  10990 |   1487 |   1985 |   6700 |   5 | 2495.4 |
        Shoals |   6762 |   6237 |    525 |    961 |   4105 |   4 | 1690.5 |
     Snake Pit |  11209 |  10293 |    916 |    860 |   7471 |   4 | 2802.2 |
    Slime Pits |   5841 |   5054 |    787 |   1152 |   2554 |   5 | 1168.2 |
  Orcish Mines |   2852 |   2584 |    268 |    276 |   1882 |   2 | 1426.0 |
   Elven Halls |   5408 |   5235 |    173 |    960 |   3134 |   3 | 1802.7 |
        Vaults |  16216 |  14389 |   1827 |   2033 |   9472 |   5 | 3243.2 |
         Crypt |   5447 |   5240 |    207 |    820 |   3017 |   3 | 1815.7 |
        Depths |   6652 |   6118 |    534 |    186 |   4485 |   4 | 1663.0 |
           Zot |   8976 |   8134 |    842 |   1136 |   4969 |   5 | 1795.2 |
         Abyss |    722 |    722 |      0 |     45 |    178 |   5 |  144.4 |
    Desolation |   1886 |   1886 |      0 |    291 |    868 |   1 | 1886.0 |
      Gauntlet |   1260 |   1260 |      0 |    825 |     32 |   1 | 1260.0 |
               +--------+--------+--------+--------+--------+-----+--------+

Top non-repeatable levels by time:
Vaults:3: 4393 daAuts
  Lair:5: 3856 daAuts
 Snake:2: 3821 daAuts
Vaults:2: 3809 daAuts
     D:9: 3632 daAuts
 Crypt:3: 3207 daAuts
 Snake:4: 3122 daAuts
Vaults:1: 2921 daAuts
Vaults:4: 2721 daAuts
   Elf:3: 2659 daAuts
  Lair:2: 2647 daAuts
 Snake:3: 2557 daAuts
  Lair:1: 2403 daAuts
Vaults:5: 2369 daAuts
    D:13: 2311 daAuts
